AoeStats
← Der_BastiFantasti

Arabia

510134983Analyzed
1v1 RM · 3d ago on Sep 29, 2026· 26m 11s· 2 players
Game mode
Random Map
Map size
Tiny (2 player)
Population
200
Speed
Normal
Resources
Standard
Victory
Conquest
Starting age
Dark Age
Ending age
Imperial Age
RankedLock teamsTeams togetherTeam positionsShared explorationLock speedFull tech treeHidden civsTurbo modeCheats
Victory
Defeat
🇩🇪 Romans · Germany
969
+15
🇫🇮 Huns · Finland
948
-23
Pr Hapi
0:33 Loom
11:42 Feudal Age
10:09 Loom
12:08 Horse Collar
12:15 Double-Bit Axe
17:23 Bloodlines
19:13 Fletching
22:07 Forging
24:47 Castle Age
25:26 Wheelbarrow
Der_BastiFantasti
10:55 Feudal Age
10:56 Man-at-Arms
11:53 Horse Collar
12:01 Double-Bit Axe
13:42 Forging
14:23 Scale Mail Armor
21:23 Castle Age
21:28 Long Swordsman
22:21 Bow Saw
22:14 Heavy Plow
22:51 Squires
23:17 Gold Mining
Connection lost

Rejoining the realm…

Still unreachable

The connection could not be restored.

Session expired

The server has moved on; the page needs a fresh start.